 Dungeon Crawl Stone Soup version 0.31-a0-810-ga77100ea1a (webtiles) character file.

Game seed: 4031743777335098132

171 pokeman the Magician (level 5, -2/29 HPs)
             Began as a Deep Elf Hedge Wizard on Sept 21, 2023.
             Was an Initiate of Vehumet.
             Slain by a river rat (6 damage)
             ... on level 4 of the Dungeon.
             The game lasted 00:05:03 (3577 turns).

pokeman the Magician (Deep Elf Hedge Wizard)        Turns: 3577, Time: 00:05:03

Health: -2/29      AC:  5    Str:  7    XL:     5   Next: 26%
Magic:  0/15       EV: 10    Int: 21    God:    Vehumet [......]
Gold:   198        SH:  0    Dex: 14    Spells: 3/16 levels left

rFire   . . .        n - +1 whip (freeze)
rCold   . . .        (no shield)
rNeg    . . .        b - +0 robe
rPois   .            l - +2 helmet
rElec   .            (no cloak)
rCorr   .            (no gloves)
SInv    .            (no boots)
Will    .....        (no amulet)
Stlth   ++           (no ring)
HPRegen 0.24/turn    (no ring)
MPRegen 0.14/turn

%: no passive effects
@: constricted
A: no striking features
a: Renounce Religion


You were on level 4 of the Dungeon.
You worshipped Vehumet.
Vehumet was noncommittal.
You visited 2 branches of the dungeon, and saw 5 of its levels.

You collected 198 gold pieces.

Inventory:

Hand Weapons
 n - a +1 whip of freezing (weapon)
Armour
 b - a +0 robe (worn)
 l - a +2 helmet (worn)
Scrolls
 a - a scroll of poison {unknown}
 c - a scroll of teleportation {unknown}
 e - 2 scrolls of brand weapon {unknown}
 f - a scroll of blinking {unknown}
 h - a scroll of summoning {unknown}
 i - a scroll of enchant armour {unknown}
 j - 3 scrolls of identify {unknown}
Potions
 d - 3 potions of magic
 g - a potion of curing {unknown}
 k - 2 potions of degeneration {unknown}
 m - a potion of heal wounds {unknown}
 o - a potion of mutation {unknown}
 p - a potion of lignification {unknown}


   Skills:
 - Level 1.1 Fighting
 - Level 1.1 Armour
 + Level 2.9 Dodging
 - Level 3.0 Stealth
 * Level 6.2 Spellcasting
 + Level 2.7 Conjurations
 - Level 1.1 Summonings
 - Level 1.1 Translocations
 + Level 0.2 Poison Magic


You had 3 spell levels left.
You knew the following spells:

 Your Spells              Type           Power      Damage    Failure   Level
a - Magic Dart            Conj           72%        1d6       3%          1
b - Mephitic Cloud        Conj/Pois/Air  10%        N/A       19%         3
c - Call Imp              Summ           22%        N/A       10%         2
d - Blink                 Tloc           22%        N/A       10%         2
e - Irradiate             Conj/Tmut      6%         3d13      83%         5

Your spell library contained the following spells:

 Spells                   Type           Power      Damage    Failure   Level
 Slow                     Hex            24%        N/A       10%         1
 Cigotuvi's Dreadful Rot  Necr/Pois/Air  12%        N/A       14%         2
 Sublimation of Blood     Necr           6%         N/A       14%         2
 Petrify                  Tmut/Erth      6%         N/A       67%         4


Dungeon Overview and Level Annotations

Branches:
Dungeon (4/15)             Temple (1/1) D:4

Altars:
Cheibriados
Dithmenos
Elyvilon
Fedhas
Kikubaaqudgha
Qazlal
Ru
Sif Muna
Trog
Vehumet
Wu Jian
Xom
Yredelemnul
Zin
The Shining One

Portals:
Sewer: D:4


Message History

Unknown command.
Casting: Magic Dart (safe; 3% risk of failure)
Confirm with . or Enter, or press ? or * to list all spells.
You don't have enough magic to cast this spell.
Unknown command.
Your unstable footing causes you to fumble your attack.
The river rat closely misses you.
Your magical contamination has completely faded away.
You hit the river rat but do no damage.
The river rat is severely wounded.
The river rat misses you.
Your unstable footing causes you to fumble your attack.
The river rat closely misses you.
Your unstable footing causes you to fumble your attack.
The river rat bites you!
The river rat attacks as it pursues you!
The river rat completely misses you. The river rat misses you.
You barely miss the river rat.
You punch the river rat, but do no damage.
The river rat is severely wounded.
The ball python bites you but does no damage.
The ball python grabs you. The ball python constricts you.
The river rat bites you.
* * * LOW HITPOINT WARNING * * *
Casting: Magic Dart (safe; 3% risk of failure)
Confirm with . or Enter, or press ? or * to list all spells.
Aiming: Magic Dart (safe; 3% risk of failure)
Press: ? - help, Shift-Dir - straight line, f - ball python, p - river rat
Aim: a ball python (constricting you, 100% to hit)
The magic dart hits the ball python.
The ball python is severely wounded.
The ball python closely misses you. The ball python constricts you.
* * * LOW HITPOINT WARNING * * *
The river rat closely misses you.
You hit the river rat. You freeze the river rat.
The river rat is almost dead.
The ball python bites you.
* * * LOW HITPOINT WARNING * * *
The ball python constricts you. The river rat bites you.
You die...

## #..#####
##.....######
#####.##...#######
#.#........$.#
#....††....~~#
#####...~~~..#
#.†~~~~~~#
#...S##+##
#..@r'~~~#
#..~~#~∩~# #.~.~#
~~# ###### ##


You could see a river rat and a ball python.

Vanquished Creatures
  A hound (D:3)
  Jessica (D:2)
  4 adders
  6 dart slugs
  9 bats
  2 bat zombies (D:4)
  2 endoplasms
  5 giant cockroaches
  7 goblins
  8 hobgoblins
  4 kobolds
  A quokka (D:3)
  2 ball pythons
  6 frilled lizards
  8 rats
  3 rat zombies (D:4)
69 creatures vanquished.

Notes
Turn   | Place    | Note
-------+----------+-------------------------------------------
     0 | D:1      | pokeman the Deep Elf Hedge Wizard began the quest for the
                  | Orb.
     0 | D:1      | Reached XP level 1. HP: 10/10 MP: 7/7
   199 | D:1      | Reached XP level 2. HP: 15/15 MP: 5/9
   668 | D:1      | Found a faded altar of an unknown god.
   859 | D:2      | Reached skill level 5 in Spellcasting
   999 | D:2      | Reached XP level 3. HP: 15/20 MP: 6/11
  1003 | D:2      | Learned a level 3 spell: Mephitic Cloud
  1006 | D:2      | Learned a level 2 spell: Call Imp
  1009 | D:2      | Learned a level 2 spell: Blink
  1390 | D:2      | Noticed Jessica
  1398 | D:2      | Killed Jessica
  1399 | D:2      | Reached skill level 1 in Fighting
  1399 | D:2      | Reached skill level 1 in Armour
  1399 | D:2      | Reached XP level 4. HP: 25/25 MP: 4/13
  2368 | D:3      | Reached skill level 6 in Spellcasting
  2405 | D:3      | Reached XP level 5. HP: 29/29 MP: 12/15
  2433 | D:3      | Learned a level 5 spell: Irradiate
  3193 | D:4      | Found an ancient bone altar of Kikubaaqudgha.
  3229 | D:4      | Found a staircase to the Ecumenical Temple.
  3238 | Temple   | Entered the Ecumenical Temple
  3250 | Temple   | Became a worshipper of Vehumet
  3552 | D:4      | Found a glowing drain.
  3577 | D:4      | Slain by a river rat

Illustrated notes

Levels and vault maps discovered:
D:1:      ncdulo_smallfort, layout_rooms, ebering_ecumenical_altar_webs
D:2:      layout_basic, uniq_jessica
D:3:      layout_basic
D:4:      layout_loops_ring, lemuel_zombie_altar_kikubaaqudgha,
          minmay_temple_entry_stoned_glass, portal_sewer_entry_e,
          nrook_loot_triangle
Temple:   nicolae_temple_bog_church

Skill      XL: |  1  2  3  4  5 |
---------------+----------------+-----
Spellcasting   | 5 6 |  6.2
Fighting       | 1 |  1.1
Armour         | 1 |  1.1
Conjurations   | 2 |  2.7
Stealth        | 3 |  3.0
Dodging        | |  2.9
Summonings     | |  1.1
Translocations | |  1.1
Poison Magic   | |  0.2

Action                     |  1- 3 |  4- 6 || total
---------------------------+-------+-------++-------
  Melee: Dagger            |     3 |       ||     3
         Whip              |       |    26 ||    26
         Punch             |       |     1 ||     1
   Cast: Magic Dart        |    91 |   104 ||   195
 Armour: Robe              |    14 |    34 ||    48
  Dodge: Dodged            |     4 |    50 ||    54

Table legend: (Time is in decaauts)
 A = Elapsed time spent in this place.
 B = Non-inter-level travel time spent in this place.
 C = Inter-level travel time spent in this place.
 D = Time resting spent in this place.
 E = Time spent auto-exploring this place.
 F = Levels seen in this place.
 G = Mean time per level.
                   A        B        C        D        E       F      G
               +--------+--------+--------+--------+--------+-----+--------+
         Total |   3581 |   3448 |    133 |    121 |   2756 |   5 |  716.2 |
       Dungeon |   3558 |   3432 |    126 |    121 |   2756 |   4 |  889.5 |
        Temple |     22 |     15 |      7 |      0 |      0 |   1 |   22.0 |
               +--------+--------+--------+--------+--------+-----+--------+

Top non-repeatable levels by time:
     D:3: 1202 daAuts
     D:2: 1197 daAuts
     D:1: 836 daAuts
     D:4: 322 daAuts
  Temple: 22 daAuts
